 Dungeon Crawl Stone Soup version 0.27-a0-652-g2d5cf1dcd3 (webtiles) character file.

Game seed: 14696364495587196214

87 Johnny the Digger (level 4, 0/26 HPs)
             Began as a Deep Elf Earth Elementalist on Mar 16, 2021.
             Slain by a rat (2 damage)
             ... on level 3 of the Dungeon.
             The game lasted 00:02:55 (2879 turns).

Johnny the Digger (Deep Elf Earth Elementalist)     Turns: 2879, Time: 00:02:55

Health: 0/26       AC:  2    Str:  5    XL:     4   Next: 28%
Magic:  2/11       EV: 12    Int: 21    God:
Gold:   149        SH:  4    Dex: 15    Spells: 6/10 levels left

rFire    . . .     SeeInvis .   b - +0 short sword
rCold    . . .     Faith    .   f - +0 buckler
rNeg     . . .     Spirit   .   c - +0 robe
rPois    .         Reflect  .   (no helmet)
rElec    .         Harm     .   (no cloak)
rCorr    .         Rampage  .   (no gloves)
Will     ++...                  (no boots)
Stlth    ++........             (no amulet)
HPRegen  0.08/turn              (no ring)
MPRegen  0.12/turn              (no ring)

@: very slightly contaminated
A: strong-willed 2
a: no special abilities


You were on level 3 of the Dungeon.
You visited 1 branch of the dungeon, and saw 3 of its levels.

You collected 149 gold pieces.

Inventory:

Hand Weapons
 b - a +0 short sword (weapon)
Armour
 c - a +0 robe (worn)
 f - a +0 buckler (worn)
Scrolls
 a - a scroll of identify {unknown}
Potions
 i - a potion of brilliance
 j - a potion of mutation


   Skills:
 * Level 2.0 Fighting
 - Level 2.4 Dodging
 - Level 2.4 Stealth
 + Level 0.9 Shields
 + Level 3.9 Spellcasting
 - Level 1.1 Transmutations
 + Level 3.9 Earth Magic


You had 6 spell levels left.
You knew the following spells:

 Your Spells              Type           Power      Damage    Failure   Level
a - Sandblast             Erth           40%        2d10      3%          1
b - Stone Arrow           Conj/Erth      24%        3d8       24%         3

Your spell library contained the following spells:

 Spells                   Type           Power      Damage    Failure   Level
 Passwall                 Tmut/Erth      11%        N/A       10%         2
 Petrify                  Tmut/Erth      14%        N/A       52%         4
 Lee's Rapid Deconstruct  Erth           10%        3d9*      67%         5


Dungeon Overview and Level Annotations

Branches:
Dungeon (3/15)

Altars:

Annotations:
D:3 Natasha


Innate Abilities, Weirdness & Mutations

You are highly strong-willed. (Will++)


Message History

You hit the crimson imp but do no damage.
The crimson imp is lightly wounded.
The crimson imp hits you.
Natasha casts a spell.
The crimson imp blinks!
A rat and a dart slug come into view.
Natasha howls an incantation.
Natasha's front paws start to glow.
There is a stone staircase leading down here.
Natasha barely misses you. The rat bites you but does no damage.
You climb downwards.
The white imp disappears in a puff of smoke!
There is a stone staircase leading up here.
Casting: Stone Arrow (extremely dangerous; 24% risk of failure)
Confirm with . or Enter, or press ? or * to list all spells.
The spell is extremely dangerous to cast (24% risk of failure)!
Continue anyway?
Aiming: Stone Arrow (extremely dangerous; 24% risk of failure)
Press: ? - help, Shift-Dir - straight line, f - Natasha
Aim: Natasha (40% to evade)
You miscast Stone Arrow.
You are very lightly contaminated with residual magic.
Nothing appears to happen.
Natasha claws you. The rat misses you.
Casting: Stone Arrow (extremely dangerous; 24% risk of failure)
Confirm with . or Enter, or press ? or * to list all spells.
The spell is extremely dangerous to cast (24% risk of failure)!
Continue anyway?
Aiming: Stone Arrow (extremely dangerous; 24% risk of failure)
Press: ? - help, Shift-Dir - straight line, f/p - Natasha
Aim: Natasha (40% to evade)
You miscast Stone Arrow.
Nothing appears to happen.
Natasha claws you. The rat bites you.
Casting: Stone Arrow (extremely dangerous; 24% risk of failure)
Confirm with . or Enter, or press ? or * to list all spells.
The spell is extremely dangerous to cast (24% risk of failure)!
Continue anyway?
Aiming: Stone Arrow (extremely dangerous; 24% risk of failure)
Press: ? - help, Shift-Dir - straight line, f/p - Natasha
Aim: Natasha (40% to evade)
You miscast Stone Arrow.
Nothing appears to happen.
Natasha claws you!
* * * LOW HITPOINT WARNING * * *
The rat bites you.
You die...

#
####.####
......r.#
#@# #h#
..# ##..
#.# #.#
#.# #.#


You could see Natasha and a rat.

Vanquished Creatures
  Natasha (D:2)
  2 adders (D:2)
  A worm (D:2)
  2 dart slugs
  2 leopard geckos
  4 hobgoblins
  5 jackals
  2 quokkas (D:2)
  2 bats
  2 frilled lizards
  4 goblins
  5 kobolds
  6 rats
38 creatures vanquished.

Vanquished Creatures (others)
  4 toadstools (D:1)
4 creatures vanquished.

Grand Total: 42 creatures vanquished

Notes
Turn   | Place    | Note
-------+----------+-------------------------------------------
     0 | D:1      | Johnny the Deep Elf Earth Elementalist began the quest for
                  | the Orb.
     0 | D:1      | Reached XP level 1. HP: 10/10 MP: 6/6
   529 | D:1      | Reached XP level 2. HP: 16/16 MP: 6/8
   531 | D:1      | Reached skill level 1 in Fighting
  1425 | D:2      | Reached XP level 3. HP: 6/20 MP: 7/10
  2138 | D:1      | Gained mutation: You are strong-willed. (Will+) [potion of
                  | mutation]
  2138 | D:1      | Gained mutation: You are highly strong-willed. (Will++)
                  | [potion of mutation]
  2138 | D:1      | HP: 1/21 [jackal (3)]
  2385 | D:1      | Learned a level 3 spell: Stone Arrow
  2739 | D:2      | Noticed Natasha
  2744 | D:2      | Killed Natasha
  2745 | D:2      | Reached XP level 4. HP: 26/26 MP: 7/11
  2854 | D:2      | Noticed Natasha
  2879 | D:3      | Slain by a rat

Illustrated notes

Levels and vault maps discovered:
D:1:      ldierk_walled_garden_2, layout_loops_cross
D:2:      layout_basic, uniq_natasha
D:3:      layout_loops_ring, nicolae_overflow_quartered_altars

Skill      XL: |  1  2  3 |
---------------+----------+-----
Fighting       | 1 2 |  2.0
Dodging        | |  2.4
Stealth        | |  2.4
Shields        | |  0.9
Spellcasting   | |  3.9
Transmutations | |  1.1
Earth Magic    | |  3.9

Action                   |  1- 3 |  4- 6 || total
-------------------------+-------+-------++-------
Melee: Hand axe          |    47 |       ||    47
       Short sword       |     5 |     7 ||    12
 Cast: Sandblast         |    33 |       ||    33
       Stone Arrow       |     4 |     2 ||     6
  Use: Potion            |     4 |       ||     4
       Scroll            |     2 |       ||     2
 Stab: Sleeping          |     4 |       ||     4
Armor: Robe              |     8 |     1 ||     9
Dodge: Dodged            |    53 |     5 ||    58
Block: Buckler           |       |     2 ||     2

Table legend: (Time is in decaauts)
 A = Elapsed time spent in this place.
 B = Non-inter-level travel time spent in this place.
 C = Inter-level travel time spent in this place.
 D = Time resting spent in this place.
 E = Time spent auto-exploring this place.
 F = Levels seen in this place.
 G = Mean time per level.
                   A        B        C        D        E       F      G
               +--------+--------+--------+--------+--------+-----+--------+
         Total |   2895 |   2829 |     66 |    813 |   1696 |   3 |  965.0 |
       Dungeon |   2895 |   2829 |     66 |    813 |   1696 |   3 |  965.0 |
               +--------+--------+--------+--------+--------+-----+--------+

Top non-repeatable levels by time:
     D:1: 1582 daAuts
     D:2: 1310 daAuts
     D:3: 2 daAuts
